 Dungeon Crawl Stone Soup version 0.25-a0-294-gea9b1ad (webtiles) character file.

Game seed: 9709692322533634212, levelgen mode: deterministic

926 Spazmo the Thaumaturge (level 7, -8/36 HPs)
             Began as a Deep Elf Conjurer on Dec 18, 2019.
             Mangled by Grinder (9 damage)
             ... while paralysed by Grinder
             ... on level 5 of the Dungeon.
             The game lasted 00:12:43 (4541 turns).

Spazmo the Thaumaturge (Deep Elf Conjurer)          Turns: 4541, Time: 00:12:44

Health: -8/36      AC: 10    Str:  5    XL:     7   Next: 85%
Magic:  16/21      EV:  2    Int: 22    God:
Gold:   224        SH:  0    Dex: 15    Spells: 16/23 levels left

rFire    . . .     SeeInvis .   v - +2 dagger (venom)
rCold    . . .     Gourm    .   (no shield)
rNeg     . . .     Faith    .   a - +1 robe
rPois    .         Spirit   .   q - +2 hat
rElec    .         Reflect  .   r - +0 cloak
rCorr    .         Harm     .   (no gloves)
MR       .....                  (no boots)
Stlth    ++........             (no amulet)
HPRegen  0.12/turn              l - +4 ring of protection
MPRegen  0.17/turn              (no ring)

@: paralysed
A: no striking features
a: no special abilities


You were on level 5 of the Dungeon.
You were not hungry.

You visited 1 branch of the dungeon, and saw 5 of its levels.

You collected 224 gold pieces.

Inventory:

Hand Weapons
 k - a +3 dagger of speed
 p - a +4 quarterstaff of chaos
 v - a +2 dagger of venom (weapon)
Missiles
 f - 145 stones (quivered)
Armour
 a - a +1 robe (worn)
 q - a +2 hat (worn)
 r - a +0 cloak (worn)
Jewellery
 l - a +4 ring of protection (left hand)
Wands
 h - a wand of paralysis (5)
Scrolls
 b - 7 scrolls of identify
 j - 4 scrolls of teleportation
 m - 2 scrolls of enchant armour
 n - 2 scrolls of amnesia
 o - a scroll of enchant weapon
 s - a scroll of remove curse
Potions
 d - 2 potions of degeneration {unknown}
 e - a potion of brilliance {unknown}
 g - a potion of haste {unknown}
 i - 7 potions of curing
 t - a potion of mutation {unknown}
Comestibles
 c - 13 rations
 u - 4 chunks of flesh


   Skills:
 - Level 2.4 Dodging
 - Level 2.4 Stealth
 + Level 8.9 Spellcasting
 + Level 8.2 Conjurations


You had 16 spell levels left.
You knew the following spells:

 Your Spells              Type           Power        Failure   Level  Hunger
a - Magic Dart            Conj           ####         1%          1    None
b - Searing Ray           Conj           #####.       1%          2    None
c - Iskenderun's Mystic   Conj/Tloc      ####....     12%         4    ##.....

Your spell library contained the following spells:

 Spells                   Type           Power        Failure   Level  Hunger
 Dazzling Flash           Conj/Hex       ####..       3%          3    None
 Corona                   Hex            #......      7%          1    None
 Ensorcelled Hibernation  Hex/Ice        #.....       11%         2    None
 Fulminant Prism          Conj/Hex       ####......   12%         4    ##.....
 Confuse                  Hex            #.......     21%         3    None
 Tukima's Dance           Hex            #.......     21%         3    None


Dungeon Overview and Level Annotations

Branches:
Dungeon (5/15)
 Temple: D:4-7

Altars:
Elyvilon
Ru
Uskayaw
Wu Jian

Annotations:
D:4 Edmund
D:5 Grinder


Message History

Aiming: Searing Ray (safe; 1% risk of failure)
Press: ? - help, Shift-Dir - straight line, f/p - Grinder
Aim: Grinder (lightly wounded)
The searing ray hits Grinder!
Grinder is moderately wounded. (Press . to maintain the ray.) Grinder hits you.
You writhe in agony.
The searing ray misses Grinder.
Grinder gestures at you. Pain shoots through your body!
The searing ray hits Grinder!
Grinder is heavily wounded.
Grinder gestures at you.
You suddenly lose the ability to move!
Grinder hits you.
* * * LOW HITPOINT WARNING * * *
You writhe in agony.
* * * LOW HITPOINT WARNING * * *
Grinder hits you!
You die...

########
#......### ####
#........###
....##.##@5......
#.......#.#.###
### ###...###.#
#. #..
#....(...#.# #.#
#.# ##.........#
#.# #.#
##.######## #.#
#.# #.# #.# #.#
#.# #.# #.# ##'##
##.######..


You could see Grinder.

Vanquished Creatures
  Sigmund (D:4)
  A sky beast (D:5)
  An ogre (D:4)
  A scorpion (D:4)
  2 howler monkeys
  A crimson imp (D:5)
  2 hounds
  An orc priest (D:3)
  Crazy Yiuf (D:4)
  An orc wizard (D:5)
  2 worker ants
  A hound zombie (D:5)
  Robin (D:4)
  7 adders
  A shadow imp (D:5)
  An ooze (D:2)
  3 adder skeletons (D:4)
  4 worms (D:2)
  2 dart slugs
  3 leopard geckos
  7 orcs
  16 bats
  A giant cockroach (D:1)
  15 goblins
  11 hobgoblins
  6 jackals
  4 quokkas
  6 ball pythons
  7 frilled lizards
  10 kobolds
  3 rats
123 creatures vanquished.

Notes
Turn   | Place    | Note
-------+----------+-------------------------------------------
     0 | D:1      | Spazmo the Deep Elf Conjurer began the quest for the Orb.
     0 | D:1      | Reached XP level 1. HP: 10/10 MP: 6/6
   119 | D:1      | Reached XP level 2. HP: 15/15 MP: 5/8
   123 | D:1      | Learned a level 2 spell: Searing Ray
   940 | D:2      | Reached skill level 5 in Conjurations
   950 | D:2      | Reached XP level 3. HP: 19/19 MP: 0/10
  1147 | D:2      | Found an ornate altar of the Wu Jian Council.
  1356 | D:2      | Reached XP level 4. HP: 24/24 MP: 1/12
  1451 | D:2      | Noticed a +0 hand axe
  1452 | D:2      | Noticed a +0 dagger
  1462 | D:2      | Found a hide-covered altar of Uskayaw.
  1881 | D:2      | Reached skill level 5 in Spellcasting
  1891 | D:2      | Learned a level 4 spell: Iskenderun's Mystic Blast
  2045 | D:3      | Reached XP level 5. HP: 28/28 MP: 9/14
  2775 | D:4      | Reached XP level 6. HP: 32/32 MP: 10/17
  2952 | D:4      | Noticed Robin
  2965 | D:4      | Killed Robin
  3142 | D:4      | Noticed Edmund
  3215 | D:4      | Noticed Sigmund
  3229 | D:4      | Killed Sigmund
  3229 | D:4      | Reached XP level 7. HP: 2/36 MP: 4/20
  3827 | D:4      | Found a runed translucent door.
  3828 | D:4      | Noticed Crazy Yiuf
  3834 | D:4      | Killed Crazy Yiuf
  3909 | D:5      | Entered Level 5 of the Dungeon
  4370 | D:5      | Found a white marble altar of Elyvilon.
  4478 | D:5      | Found a sacrificial altar of Ru.
  4533 | D:5      | Noticed Grinder
  4534 | D:5      | Paralysed by Grinder for 3 turns
  4539 | D:5      | Paralysed by Grinder for 6 turns
  4540 | D:5      | HP: 1/36 [Grinder (5)]
  4541 | D:5      | Mangled by Grinder

Levels and vault maps discovered:
D:1:      saegor_arrival_miasma, layout_basic, nrook_uturn,
          minmay_misc_feat_alley, st_stairs_13
D:2:      minmay_razor_zed, layout_rooms, old_standard_altar,
          dancing_weapons_uskayaw
D:3:      layout_rooms, first_ration, serial_forest, infiniplex_forest_end_1,
          infiniplex_forest_lined_1, infiniplex_forest_zigzag_1,
          infiniplex_forest_lined_3
D:4:      layout_basic, uniq_edmund, uniq_crazy_yiuf_cottage, uniq_sigmund,
          uniq_robin
D:5:      layout_loops_corners, kennysheep_little_box,
          nicolae_ru_great_annihilating_truth, uniq_grinder

Skill      XL: |  1  2  3  4  5  6  7 |
---------------+----------------------+-----
Spellcasting   | 4 5 6 7 8 |  8.9
Conjurations   | 5 6 7 8 |  8.2
Dodging        | |  2.4
Stealth        | |  2.4

Action                   |  1- 3 |  4- 6 |  7- 9 || total
-------------------------+-------+-------+-------++-------
Melee: Dagger            |     2 |    20 |       ||    22
 Cast: Magic Dart        |    68 |   138 |    55 ||   261
       Searing Ray       |     2 |     5 |     4 ||    11
  Use: Scroll            |     5 |     5 |       ||    10
       Potion            |     1 |     1 |       ||     2
  Eat: Chunk             |     1 |     6 |     1 ||     8
       Ration            |       |       |     1 ||     1
Armor: Robe              |       |    13 |     3 ||    16
Dodge: Dodged            |     1 |    37 |     3 ||    41

Table legend:
 A = Non-vault XP
 B = Vault XP
 C = Vault XP percentage of total XP
 D = Non-vault monster count
 E = Vault monster count
 F = Vault count percentage of total count
                 A         B        C        D         E       F
            +---------+---------+-------+---------+---------+-------
      Total |     924 |     399 |  30.2 |      93 |      30 |  24.4
            +---------+---------+-------+---------+---------+-------
        D:1 |      29 |       4 |  12.1 |      19 |       2 |   9.5
        D:2 |      75 |      39 |  34.2 |      25 |      10 |  28.6
        D:3 |     164 |       0 |   0.0 |      23 |       0 |   0.0
        D:4 |     360 |     304 |  45.8 |      17 |      14 |  45.2
        D:5 |     296 |      52 |  14.9 |       9 |       4 |  30.8
            +---------+---------+-------+---------+---------+-------
